[Event "Titled Tuesday Blitz August 24 2021"]
[White "Tsaruk, Maksim"]
[Black "Nozdrachev, Leonid"]
[WhiteFideId "13511173"]
[BlackFideId "24113433"]
[WhiteElo "2184"]
[BlackElo "2240"]
[Result "0-1"]
[Round "09"]
[TimeControl "180+1"]
[Date "2021.08.24"]
[WhiteClock "0:00:04"]
[BlackClock "0:00:10"]

1. e4 c6 2. d4 d5 3. Nd2 dxe4 4. Nxe4 Nf6 5. Nxf6+ exf6 6. c3 Bd6 7. Bd3 Na6 8. Qc2 h5 9. Ne2 Kf8 10. Bf4 Nc7 11. O-O-O b5 12. Kb1 Be6 13. Rhe1 a5 14. Bf5 g6 15. Bxe6 Nxe6 16. Bxd6+ Qxd6 17. Ng3 f5 18. Nf1 Kg7 19. Ne3 Nf4 20. Qxf5 Nxg2 21. Qg5 Nxe3 22. fxe3 Qd5 23. Qf4 f5 24. e4 fxe4 25. Rxe4 Rhf8 26. Re7+ Rf7 27. Qe5+ Qxe5 28. Rxe5 Rf2 29. h4 Raf8 30. d5 Rd8 31. d6 Rf6 32. Re7+ Rf7 33. Re6 Rf4 34. Re7+ Kf6 35. Rc7 Rxh4 36. Rxc6 Re4 37. d7+ Re6 38. Rc8 Ke7 39. Rc7 g5 40. Rc5 Rg6 41. Re5+ Kf7 42. Rxb5 g4 43. Rxh5 g3 44. Rf5+ Ke7 45. Rxa5 Rxd7 46. Re5+ Kd8 47. Rxd7+ Kxd7 48. Re1 Kd6 49. Rg1 Ke5 50. Kc2 Ke4 51. a4 Kf3 52. b4 Kf2 53. Rd1 Re6 54. a5 g2 55. b5 Re1 56. Rd2+ Re2 57. c4 Rxd2+ 58. Kxd2 g1=Q 59. a6 Kf3 60. Kc3 Ke4 61. Kb4 Kd4 62. a7 Qa1 63. b6 Qb1+ 64. Ka5 Kc5 65. a8=Q Qa2# 0-1


[Site "https://www.chess.com"]

[Event "Titled Tuesday Blitz August 24 2021"]
[White "Ulko, Jaroslav"]
[Black "Idani, Pouya"]
[WhiteFideId "4116658"]
[BlackFideId "12510130"]
[WhiteElo "2598"]
[BlackElo "2722"]
[Result "1/2-1/2"]
[Round "09"]
[TimeControl "180+1"]
[Date "2021.08.24"]
[WhiteClock "0:00:11"]
[BlackClock "0:00:10"]

1. d4 Nf6 2. Nf3 g6 3. c4 Bg7 4. Nc3 O-O 5. e4 d6 6. Be2 Na6 7. O-O e5 8. Be3 Ng4 9. Bg5 f6 10. Bh4 Qe8 11. Re1 Nh6 12. Rb1 Nf7 13. b4 c6 14. b5 Nc7 15. bxc6 bxc6 16. d5 c5 17. Qa4 Qd8 18. Qa5 g5 19. Bg3 f5 20. exf5 Bxf5 21. Rb7 Ne8 22. Qxd8 Nxd8 23. Rb3 h6 24. Nd2 Nf6 25. f3 Nf7 26. Nde4 Bxe4 27. fxe4 h5 28. Reb1 Bh6 29. Rb7 g4 30. Nb5 Nxe4 31. Nc7 Be3+ 32. Kh1 Nfg5 33. Ne6 Rf7 34. Rb8+ Rxb8 35. Rxb8+ Kh7 36. Bh4 Nf2+ 37. Kg1 Nfe4+ 38. Kh1 Nf2+ 39. Kg1 Nd1+ 40. Kh1 Ne4 41. g3 Ndc3 42. Bd3 Rf2 43. Ng5+ Bxg5 44. Bxg5 Rf3 45. Rb7+ Kg6 46. Bxe4+ Nxe4 47. Be7 Nf2+ 48. Kg2 Ne4 49. Rd7 Rf2+ 50. Kg1 Rc2 51. Bxd6 Rxc4 52. Bxe5 Kf5 53. Bf4 Nc3 54. Kf2 Rd4 55. d6 Ne4+ 56. Ke3 Nf6 57. Rxa7 Nd5+ 58. Kf2 Nxf4 59. Rf7+ Ke6 60. Rxf4 Rxd6 61. Rc4 Kd5 62. Ra4 Rb6 63. Ra8 Rb2+ 64. Ke3 Rxh2 65. a4 Ra2 66. a5 Ra3+ 67. Kf4 Rf3+ 68. Kg5 Rxg3 69. Kxh5 Rg1 70. Kh4 c4 71. a6 c3 72. a7 Ra1 73. Rd8+ Ke4 74. a8=Q+ Rxa8 75. Rxa8 c2 76. Rc8 Kd3 77. Kxg4 Kd2 78. Kf3 c1=Q 79. Rxc1 Kxc1 1/2-1/2


[Site "https://www.chess.com"]

[Event "Titled Tuesday Blitz August 24 2021"]
[White "Yaran, Siar"]
[Black "Omariev, Maksim"]
[WhiteFideId "6323006"]
[BlackFideId "4193423"]
[WhiteElo "1977"]
[BlackElo "2434"]
[Result "1-0"]
[Round "09"]
[TimeControl "180+1"]
[Date "2021.08.24"]
[WhiteClock "0:00:42"]
[BlackClock "0:00:03"]

1. e4 c5 2. Nf3 d6 3. d4 cxd4 4. Nxd4 Nf6 5. Nc3 a6 6. Bg5 Nbd7 7. Bc4 Qb6 8. Bb3 e6 9. O-O Be7 10. Kh1 Nc5 11. Qe2 O-O 12. Rad1 Nxb3 13. cxb3 Re8 14. f4 Nd7 15. Bxe7 Rxe7 16. f5 Nf6 17. fxe6 fxe6 18. e5 dxe5 19. Qxe5 Qc7 20. Qg5 h6 21. Qg6 Nh7 22. Nf5 exf5 23. Nd5 Qe5 24. Nxe7+ Qxe7 25. Rfe1 Nf8 26. Qe8 Qxe8 27. Rxe8 b5 28. Rdd8 Bb7 29. Rxf8+ 1-0


[Site "https://www.chess.com"]

[Event "Titled Tuesday Blitz August 24 2021"]
[White "Yeletsky, Ivan"]
[Black "Harshavardhan G B"]
[WhiteFideId "24180327"]
[BlackFideId "25059009"]
[WhiteElo "2344"]
[BlackElo "1825"]
[Result "0-1"]
[Round "09"]
[TimeControl "180+1"]
[Date "2021.08.24"]
[WhiteClock "0:00:19"]
[BlackClock "0:00:08"]

1. d4 Nf6 2. c4 e5 3. dxe5 Ng4 4. Bf4 Nc6 5. Nf3 Bb4+ 6. Nbd2 Qe7 7. e3 Ngxe5 8. Nxe5 Nxe5 9. Be2 a5 10. O-O O-O 11. Nb1 d6 12. a3 Bc5 13. Nc3 Ng6 14. Bg3 Be6 15. Qc2 f5 16. Rab1 f4 17. exf4 Nxf4 18. Bxf4 Rxf4 19. b4 axb4 20. axb4 Bd4 21. Nb5 Bb6 22. Rbc1 Bf5 23. Bd3 Bxd3 24. Qxd3 Kh8 25. g3 Rf6 26. Kg2 c6 27. Nc3 Raf8 28. f3 Re6 29. Ne4 Bc7 30. Rce1 Re8 31. h4 Re5 32. Ng5 Re2+ 33. Kh3 g6 34. Qd4+ Qg7 35. Qxg7+ Kxg7 36. Ne4 Rxe1 37. Rxe1 d5 38. cxd5 cxd5 39. Rc1 Bb8 40. Nc5 Bd6 41. Nxb7 Bxb4 42. Rc7+ Kg8 43. Rd7 Rb8 44. Nd8 Be1 45. Rxd5 Rb3 46. Ne6 Re3 47. Rd6 h6 48. Nd4 Kf7 49. Rd7+ Ke8 50. Kg2 Kxd7 0-1


[Site "https://www.chess.com"]

[Event "Titled Tuesday Blitz August 24 2021"]
[White "Yoo, Christopher Woojin"]
[Black "Grunberg, Mihai-Lucian"]
[WhiteFideId "30909694"]
[BlackFideId "1204149"]
[WhiteElo "2105"]
[BlackElo "2364"]
[Result "1-0"]
[Round "09"]
[TimeControl "180+1"]
[Date "2021.08.24"]
[WhiteClock "0:00:03"]
[BlackClock "0:00:02"]

1. e4 Nf6 2. Nc3 d5 3. exd5 Nxd5 4. Bc4 Nb6 5. Bb5+ Bd7 6. a4 Bxb5 7. axb5 e5 8. Nf3 Bd6 9. O-O O-O 10. d4 exd4 11. Qxd4 c5 12. Qg4 Qd7 13. Qh5 Qe6 14. Be3 N8d7 15. Rad1 Be7 16. Ng5 Qg6 17. Qxg6 hxg6 18. Nge4 Rfd8 19. Rfe1 Rac8 20. Bf4 Nf6 21. Bd6 Bxd6 22. Nxd6 Rc7 23. Nde4 Rxd1 24. Rxd1 Nxe4 25. Nxe4 Kf8 26. h4 Ke7 27. g4 Nd7 28. Ra1 b6 29. Nc3 Ke6 30. Re1+ Kd6 31. Ne4+ Kd5 32. f3 Ne5 33. Kf2 Nc4 34. b3 Na3 35. c4+ Kd4 36. Rd1+ Ke5 37. Rd5+ Ke6 38. f4 Nc2 39. h5 gxh5 40. Re5+ Kd7 41. Rxh5 Nd4 42. b4 Ne6 43. f5 Nf4 44. Rh7 Nd3+ 45. Ke3 Nxb4 46. Rxg7 Ke7 47. g5 Nc2+ 48. Kd2 Nd4 49. g6 Kf8 50. f6 Rd7 51. Kc1 Nf5 52. Rh7 Ke8 53. Rh8# 1-0


[Site "https://www.chess.com"]

[Event "Titled Tuesday Blitz August 24 2021"]
[White "Zhigalko, Sergei"]
[Black "Zubov, Alexander"]
[WhiteFideId "13502956"]
[BlackFideId "14109409"]
[WhiteElo "2662"]
[BlackElo "2740"]
[Result "1/2-1/2"]
[Round "09"]
[TimeControl "180+1"]
[Date "2021.08.24"]
[WhiteClock "0:00:05"]
[BlackClock "0:00:06"]

1. e4 c5 2. Nf3 d6 3. d4 cxd4 4. Qxd4 a6 5. Bc4 Nc6 6. Qd3 e6 7. Nc3 Na5 8. Bb3 Nxb3 9. axb3 Be7 10. Bf4 e5 11. Be3 Be6 12. O-O h6 13. Nd5 Bxd5 14. Qxd5 Qc7 15. c4 Nf6 16. Qd3 Qc6 17. Nd2 O-O 18. Rfd1 b5 19. h3 Rfb8 20. Ra2 a5 21. Rda1 Bd8 22. b4 bxc4 23. Nxc4 Rxb4 24. b3 Qb5 25. Qxd6 Nxe4 26. Qxe5 Qxe5 27. Nxe5 Bf6 28. Nc6 Rxb3 29. Rxa5 Rf8 30. Rc1 Rc3 31. Rxc3 Bxc3 32. Ra7 Re8 33. Ne7+ Kf8 34. Nd5 Be5 35. g3 g5 36. Kg2 Bd6 37. Nc7 Bxc7 38. Rxc7 Kg7 39. Rc6 Re6 40. Rxe6 fxe6 41. Kf3 Nd6 42. Bd4+ Kg6 43. g4 Nf7 44. Ke4 h5 45. f3 hxg4 46. hxg4 Kh7 47. Bc3 Kg6 48. Bd4 Kh7 49. Bc3 Kg6 50. Bd4 1/2-1/2


[Site "https://www.chess.com"]

[Event "Titled Tuesday Blitz August 24 2021"]
[White "Zhuravlev, Alexey"]
[Black "Aradhya, Garg"]
[WhiteFideId "4164199"]
[BlackFideId "25006746"]
[WhiteElo "2507"]
[BlackElo "2146"]
[Result "0-1"]
[Round "09"]
[TimeControl "180+1"]
[Date "2021.08.24"]
[WhiteClock "0:00:05"]
[BlackClock "0:01:03"]

1. e4 e5 2. Nf3 Nc6 3. Bc4 Nf6 4. Ng5 d5 5. exd5 Na5 6. Bb5+ Bd7 7. Qe2 Be7 8. Nf3 O-O 9. Bxd7 Qxd7 10. Nxe5 Qxd5 11. O-O Bd6 12. Nf3 Rfe8 13. Qd1 Nc6 14. d3 Qh5 15. Nbd2 Re7 16. Nc4 Nd4 17. Nxd6 Nxf3+ 18. Qxf3 Qxf3 19. gxf3 cxd6 20. Bf4 Rc8 21. c3 Rd7 22. Rfe1 b5 23. a3 a5 24. Kf1 Nd5 25. Bd2 f5 26. Rac1 Nb6 27. Be3 Na4 28. Re2 Kf7 29. Rec2 Nc5 30. Bxc5 dxc5 31. Rd2 Rcd8 32. Rcd1 Kf6 33. f4 h6 34. Ke2 g5 35. fxg5+ hxg5 36. f4 g4 37. d4 Rh7 38. Kd3 c4+ 39. Kc2 Rdh8 40. Rh1 g3 41. h3 Rxh3 42. Rxh3 Rxh3 43. Kb1 Rh1+ 44. Ka2 Rh2 45. Rd1 g2 46. Rg1 Ke6 47. a4 b4 48. cxb4 axb4 49. a5 Kd5 50. a6 Rh6 51. Rxg2 Rxa6+ 52. Kb1 Kxd4 53. Rd2+ Ke3 54. Rc2 Rc6 55. b3 c3 56. Rh2 Rd6 57. Kc2 Rd2+ 58. Rxd2 cxd2 59. Kd1 Kxf4 60. Kxd2 Ke4 61. Ke2 Kd4 62. Kd2 f4 63. Ke2 Kc3 0-1


[Site "https://www.chess.com"]

[Event "Titled Tuesday Blitz August 24 2021"]
[White "Zierk, Steven"]
[Black "Praggnanandhaa R"]
[WhiteFideId "2034255"]
[BlackFideId "25059530"]
[WhiteElo "2494"]
[BlackElo "2555"]
[Result "0-1"]
[Round "09"]
[TimeControl "180+1"]
[Date "2021.08.24"]
[WhiteClock "0:00:02"]
[BlackClock "0:00:06"]

1. e4 c5 2. Nf3 d6 3. d4 cxd4 4. Nxd4 Nf6 5. f3 Nc6 6. c4 e6 7. Nc3 Be7 8. Be2 O-O 9. Be3 d5 10. cxd5 exd5 11. Nxc6 bxc6 12. e5 Nd7 13. f4 Bc5 14. Bxc5 Nxc5 15. Qd4 Ne6 16. Qf2 f6 17. exf6 Qxf6 18. g3 g5 19. O-O-O gxf4 20. Rdf1 Kh8 21. Kb1 Nd4 22. Bd3 Bf5 23. Rd1 f3 24. Rhf1 Rab8 25. Ka1 Bxd3 26. Rxd3 Rb4 27. a3 Rc4 28. Rfd1 Nb3+ 29. Ka2 Nc5 30. Rd4 Rxd4 31. Rxd4 Ne6 32. Rh4 Qf7 33. Ka1 Qg7 34. Ra4 d4 35. Ne4 Qe5 36. Qc2 Nc5 37. Ra5 f2 38. Rxc5 f1=Q+ 39. Ka2 Qe6+ 40. b3 Qef7 41. Rxc6 Qg7 42. Rc7 d3 43. Qd2 Qfa1# 0-1


[Site "https://www.chess.com"]

[Event "Titled Tuesday Blitz August 24 2021"]
[White "Aghasiyev, Kamal"]
[Black "Wilson, Elvin"]
[WhiteFideId "13402854"]
[BlackFideId "2014874"]
[WhiteElo "2210"]
[BlackElo "2331"]
[Result "1-0"]
[Round "10"]
[TimeControl "180+1"]
[Date "2021.08.24"]
[WhiteClock "0:02:09"]
[BlackClock "0:02:15"]

1. d4 Nf6 2. c4 e6 3. Nf3 d5 4. Nc3 Bb4 5. Bg5 h6 6. Bxf6 Qxf6 7. e3 O-O 8. Rc1 dxc4 9. Bxc4 c5 10. O-O cxd4 11. Nxd4 Rd8 12. Qb3 Bf8 13. Rfd1 Bd7 14. Qxb7 1-0


[Site "https://www.chess.com"]

[Event "Titled Tuesday Blitz August 24 2021"]
[White "Aldokhin, Ivan"]
[Black "Adury, Anant"]
[WhiteFideId "24115720"]
[BlackFideId "30964687"]
[WhiteElo "2306"]
[BlackElo "2406"]
[Result "1-0"]
[Round "10"]
[TimeControl "180+1"]
[Date "2021.08.24"]
[WhiteClock "0:01:06"]
[BlackClock "0:01:14"]

1. e4 c5 2. Nf3 g6 3. d4 cxd4 4. Nxd4 Nc6 5. Nc3 Bg7 6. Be3 Nf6 7. Bc4 O-O 8. Bb3 d6 9. h3 Na5 10. O-O b6 11. Qd3 Bb7 12. Nd5 Nxb3 13. Nxf6+ Bxf6 14. axb3 Bg7 15. c4 a6 16. f3 Qc7 17. Qd2 Rfc8 18. Ne2 b5 19. Rac1 bxc4 20. bxc4 a5 21. c5 Ba6 22. c6 Rab8 23. Rc2 Rb3 24. Rfc1 Rcb8 25. Nd4 Bxd4 26. Bxd4 f6 27. Bc3 Qxc6 28. Bxf6 Qb6+ 29. Bd4 Qb5 30. Qh6 e5 31. Rc7 1-0


[Site "https://www.chess.com"]

[Event "Titled Tuesday Blitz August 24 2021"]
[White "Andreikin, Dmitry"]
[Black "Nakamura, Hikaru"]
[WhiteFideId "4158814"]
[BlackFideId "2016192"]
[WhiteElo "2782"]
[BlackElo "2900"]
[Result "1-0"]
[Round "10"]
[TimeControl "180+1"]
[Date "2021.08.24"]
[WhiteClock "0:00:39"]
[BlackClock "0:00:21"]

1. d4 Nf6 2. c4 e6 3. Nf3 d5 4. Nc3 Be7 5. Bf4 O-O 6. e3 Nbd7 7. c5 c6 8. Be2 b6 9. b4 a5 10. a3 Ba6 11. O-O Qc8 12. h3 Bxe2 13. Qxe2 Qb7 14. Rfb1 axb4 15. axb4 Rfc8 16. Qc2 Bd8 17. Ne1 Bc7 18. Nd3 b5 19. Bxc7 Qxc7 20. f4 Ne4 21. Nxe4 dxe4 22. Ne5 Nf6 23. Kh2 Nd5 24. Qd2 f6 25. Ng4 Ra4 26. Nf2 f5 27. Nd1 Rca8 28. Rxa4 Rxa4 29. Nc3 Nxc3 30. Qxc3 Qd7 31. Ra1 h6 32. Rxa4 bxa4 33. b5 cxb5 34. Qa5 Kh7 35. Qa6 b4 36. c6 Qd6 37. Qb7 a3 38. c7 a2 39. c8=Q a1=Q 40. Qf7 1-0


[Site "https://www.chess.com"]

[Event "Titled Tuesday Blitz August 24 2021"]
[White "Aradhya, Garg"]
[Black "Dobrowolski, Piotr"]
[WhiteFideId "25006746"]
[BlackFideId "1106236"]
[WhiteElo "2146"]
[BlackElo "2296"]
[Result "1-0"]
[Round "10"]
[TimeControl "180+1"]
[Date "2021.08.24"]
[WhiteClock "0:00:07"]
[BlackClock "0:00:08"]

1. d4 e6 2. Nf3 c5 3. e4 cxd4 4. Nxd4 Nf6 5. Nc3 Nc6 6. a3 Qc7 7. g3 a6 8. Bg2 Nxd4 9. Qxd4 Bc5 10. Qd3 h5 11. Bf4 e5 12. Bg5 Bd4 13. O-O Bxc3 14. bxc3 d6 15. Kh1 Be6 16. Rfd1 Rc8 17. h3 Nd7 18. Rab1 f6 19. Be3 Ke7 20. f4 h4 21. f5 Bc4 22. Qd2 hxg3 23. Qe1 Bf7 24. Qxg3 b5 25. Rd3 g5 26. fxg6 Rcg8 27. Rbd1 Rxg6 28. Qf2 Be6 29. Ba7 Nc5 30. Bxc5 Qxc5 31. Qd2 Rhg8 32. Rxd6 Qc8 33. Bf1 Bxh3 34. Kh2 Bxf1 35. Rd7+ Kf8 36. Rd8+ Kg7 37. Rxc8 Bc4 38. Rxg8+ Bxg8 39. Qd7+ Bf7 40. Rg1 1-0


[Site "https://www.chess.com"]

[Event "Titled Tuesday Blitz August 24 2021"]
[White "Avramidou, Anastasia"]
[Black "Zanette, Edgard Vinicius"]
[WhiteFideId "4239873"]
[BlackFideId "2109263"]
[WhiteElo "2183"]
[BlackElo "2202"]
[Result "1-0"]
[Round "10"]
[TimeControl "180+1"]
[Date "2021.08.24"]
[WhiteClock "0:00:48"]
[BlackClock "0:00:12"]

1. c4 c6 2. Nc3 d5 3. cxd5 cxd5 4. d4 Nf6 5. Bf4 a6 6. e3 Nc6 7. Bd3 e6 8. Nf3 Bd6 9. Bg5 h6 10. Bh4 O-O 11. O-O b5 12. Rc1 Bb7 13. Qe2 Be7 14. h3 Rc8 15. a4 b4 16. Nb1 Qb6 17. Nbd2 b3 18. Rc3 Na5 19. Rfc1 Rxc3 20. Rxc3 Bb4 21. Rc1 Ne4 22. Bxe4 dxe4 23. Ne5 Rc8 24. Rxc8+ Bxc8 25. Nxe4 Bb7 26. Nd2 f6 27. Nec4 Qc6 28. f3 Qxa4 29. Nxa5 Qxa5 30. Nxb3 Qa2 31. Nc5 Bxc5 32. dxc5 Qd5 33. Qc2 g5 34. Bf2 Kg7 35. e4 Qc6 36. Qc3 Kf7 37. b4 e5 38. Qd2 Bc8 39. Qd8 Qd7 40. Qh8 Kg6 41. Qg8+ 1-0


[Site "https://www.chess.com"]

[Event "Titled Tuesday Blitz August 24 2021"]
[White "Baches Garcia, Guillermo"]
[Black "Maiorov, Nikita"]
[WhiteFideId "2209764"]
[BlackFideId "13501720"]
[WhiteElo "2508"]
[BlackElo "2440"]
[Result "0-1"]
[Round "10"]
[TimeControl "180+1"]
[Date "2021.08.24"]
[WhiteClock "0:00:12"]
[BlackClock "0:01:31"]

1. e4 e5 2. Nf3 Nc6 3. Nc3 Nf6 4. d4 exd4 5. Nxd4 Bc5 6. Nxc6 bxc6 7. Bd3 O-O 8. O-O Re8 9. Bg5 h6 10. Bh4 d6 11. Na4 Bd4 12. c3 Bb6 13. Nxb6 axb6 14. f4 Qe7 15. Qf3 Qe6 16. e5 Qg4 17. exf6 Qxh4 18. Qxc6 Bg4 19. fxg7 Kxg7 20. Qxc7 Be2 21. Bxe2 Rxe2 22. Qxd6 Rae8 23. Qd4+ Kg8 24. Rad1 Qg4 25. Qd5 R8e4 26. g3 Qh3 27. Rf2 Rxf2 28. Kxf2 Qxh2+ 29. Kf3 Qe2# 0-1


[Site "https://www.chess.com"]

[Event "Titled Tuesday Blitz August 24 2021"]
[White "Bai, Adelard"]
[Black "Girinath, P.D.S."]
[WhiteFideId "16301188"]
[BlackFideId "5000572"]
[WhiteElo "2120"]
[BlackElo "2333"]
[Result "1-0"]
[Round "10"]
[TimeControl "180+1"]
[Date "2021.08.24"]
[WhiteClock "0:00:13"]
[BlackClock "0:00:05"]

1. d4 e6 2. Nf3 f5 3. g3 Nf6 4. Bg2 Be7 5. O-O O-O 6. b3 a5 7. a3 d6 8. Bb2 Qe8 9. Nbd2 Ne4 10. Nxe4 fxe4 11. Nd2 d5 12. f3 e3 13. Nb1 c5 14. f4 Nc6 15. dxc5 Bxc5 16. Nc3 Ne7 17. Na4 Ba7 18. Bd4 Bxd4 19. Qxd4 Nf5 20. Qe5 h5 21. c4 dxc4 22. Nb6 Ra6 23. Nxc4 h4 24. g4 h3 25. Bxh3 Qg6 26. Rad1 a4 27. b4 Rc6 28. Nxe3 Nxe3 29. Qxe3 e5 30. fxe5 Bxg4 31. Rxf8+ Kxf8 32. Qf4+ Rf6 33. Rd8+ Kf7 34. exf6 Bxh3+ 35. Kf2 Qg2+ 36. Ke1 gxf6 37. Qc7+ Ke6 38. Re8+ Kf5 39. Qh7+ Kf4 40. e3+ Kg4 41. Rg8+ Kf3 42. Rxg2 Bxg2 43. Qxb7+ Kxe3 44. Qxg2 f5 45. Qe2+ Kd4 46. h4 f4 47. h5 f3 48. Qxf3 Kc4 49. Qe3 1-0


[Site "https://www.chess.com"]

[Event "Titled Tuesday Blitz August 24 2021"]
[White "Balakrishnan, Praveen"]
[Black "Nesterov, Arseniy"]
[WhiteFideId "2064871"]
[BlackFideId "24198455"]
[WhiteElo "2237"]
[BlackElo "2477"]
[Result "0-1"]
[Round "10"]
[TimeControl "180+1"]
[Date "2021.08.24"]
[WhiteClock "0:00:15"]
[BlackClock "0:00:09"]

1. e4 e5 2. Nf3 Nc6 3. Bb5 a6 4. Ba4 b5 5. Bb3 Na5 6. d4 exd4 7. Qxd4 Bb7 8. O-O d6 9. Qe3 Nxb3 10. axb3 Be7 11. Bd2 Nf6 12. Bc3 O-O 13. Nbd2 c5 14. b4 d5 15. bxc5 dxe4 16. Ne5 Nd5 17. Qxe4 Bxc5 18. Nd3 Bb6 19. Bd4 Re8 20. Qg4 Nf6 21. Bxb6 Qxb6 22. Qf5 Rac8 23. Nf4 g6 24. Qg5 Rxc2 25. Nf3 Bxf3 26. gxf3 Rc5 27. Qg3 Rf5 28. Rfe1 Rxe1+ 29. Rxe1 Qd4 30. Nh3 Qxb2 31. Ng5 Qc3 32. Re7 Qc1+ 33. Kg2 Rxg5 0-1


[Site "https://www.chess.com"]

[Event "Titled Tuesday Blitz August 24 2021"]
[White "Bortnyk, Olexandr"]
[Black "Real De Azua, Ernesto"]
[WhiteFideId "14120828"]
[BlackFideId "108154"]
[WhiteElo "2723"]
[BlackElo "2476"]
[Result "1-0"]
[Round "10"]
[TimeControl "180+1"]
[Date "2021.08.24"]
[WhiteClock "0:00:16"]
[BlackClock "0:00:04"]

1. d4 Nf6 2. Nc3 d5 3. Bf4 a6 4. e3 e6 5. Nf3 c5 6. a3 Nc6 7. Bd3 b5 8. O-O Bb7 9. dxc5 Bxc5 10. e4 b4 11. exd5 bxc3 12. dxc6 Bxc6 13. bxc3 O-O 14. Qe2 Bxf3 15. Qxf3 Qd5 16. Qh3 Rfc8 17. Rae1 Bd6 18. c4 Qd4 19. Be3 Qg4 20. Bxh7+ Kf8 21. Bd3 Qxh3 22. gxh3 Bxa3 23. Ra1 Bc5 24. Bd2 Nd7 25. Bc3 Be7 26. Rfb1 Nc5 27. Ra5 Bf6 28. Bb4 Be7 29. Rba1 g6 30. Bxc5 Bxc5 31. Rxa6 Rxa6 32. Rxa6 Rb8 33. Kg2 Kg7 34. Rc6 Bd4 35. Rc7 Kf6 36. c5 Be5 37. Rc6 Rb4 38. Rc8 Rb7 39. h4 Rc7 40. Rh8 Rxc5 41. h5 gxh5 42. Rxh5 Kg7 43. h4 Bd6 44. Rh7+ Kf6 45. Rh8 Ra5 46. Rg8 Ra4 47. Kh3 Ra5 48. f3 Rc5 49. Kg4 Re5 50. h5 Rc5 51. h6 Be5 52. h7 Ke7 53. h8=Q f5+ 54. Kh3 Bxh8 55. Rxh8 1-0


[Site "https://www.chess.com"]

[Event "Titled Tuesday Blitz August 24 2021"]
[White "Castellanos Rodriguez, Renier"]
[Black "Makhnev, Denis"]
[WhiteFideId "3404650"]
[BlackFideId "13707647"]
[WhiteElo "2621"]
[BlackElo "2721"]
[Result "0-1"]
[Round "10"]
[TimeControl "180+1"]
[Date "2021.08.24"]
[WhiteClock "0:00:11"]
[BlackClock "0:00:16"]

1. e4 c6 2. d4 d5 3. exd5 cxd5 4. Bd3 Nc6 5. c3 Nf6 6. h3 e5 7. dxe5 Nxe5 8. Nf3 Nxd3+ 9. Qxd3 Be7 10. O-O O-O 11. Nbd2 Re8 12. Re1 Bd7 13. Nb3 a6 14. Bg5 h6 15. Bxf6 Bxf6 16. Qxd5 Rxe1+ 17. Rxe1 Bc6 18. Qxd8+ Rxd8 19. Nfd4 Bd5 20. f3 Kf8 21. Kf2 Bxd4+ 22. Nxd4 Bxa2 23. f4 Bd5 24. g4 Re8 25. Rxe8+ Kxe8 26. Nf5 Kf8 27. Ke3 Be6 28. Nd4 Bd7 29. Ke4 Ke7 30. Kd5 h5 31. f5 hxg4 32. hxg4 Kf6 33. Kd6 Be8 34. Nf3 Bc6 35. Ne5 Be4 36. c4 a5 37. c5 a4 38. Nc4 Kg5 39. Ke5 Bf3 40. Nd6 f6+ 41. Ke6 Kxg4 42. Ne8 Be4 43. Nxg7 Kg5 44. Ke7 Bxf5 45. Ne8 Be4 46. Nxf6 Kf5 47. Nd7 Bc6 48. Kd6 Ke4 49. Nb6 Kd4 50. Nc8 Kc4 51. Ne7 Bg2 52. Nf5 Kb3 53. Ne3 Bf3 54. Nf5 Kxb2 55. Nd4 a3 56. Nxf3 a2 57. Ne5 a1=Q 58. Nc4+ Kc3 59. Nb6 Qa6 60. Kc7 Kb4 61. Nd7 Kb5 62. Kd8 Qc6 63. Ke7 Qc7 64. Ke6 Kc6 65. Ne5+ Kxc5 0-1


[Site "https://www.chess.com"]

[Event "Titled Tuesday Blitz August 24 2021"]
[White "Costachi, Mihnea"]
[Black "Kowalczyk, Pawel"]
[WhiteFideId "1217518"]
[BlackFideId "1130641"]
[WhiteElo "2482"]
[BlackElo "2325"]
[Result "0-1"]
[Round "10"]
[TimeControl "180+1"]
[Date "2021.08.24"]
[WhiteClock "0:00:07"]
[BlackClock "0:01:37"]

1. d4 a6 2. e4 b5 3. Bd3 Bb7 4. f4 e6 5. Nf3 c5 6. c3 Nf6 7. e5 Nd5 8. O-O Nc6 9. f5 Qb6 10. fxe6 dxe6 11. Ng5 cxd4 12. Nxf7 dxc3+ 13. Kh1 Ne3 14. Bxe3 Qxe3 15. Nxh8 cxb2 16. Bxh7 Nxe5 17. Rxf8+ Kxf8 18. Qd6+ Ke8 19. Qxe6+ Kd8 20. Nf7+ Nxf7 21. Qxe3 bxa1=Q 22. Qb6+ Ke8 23. Qxb7 Rd8 24. Qc6+ Kf8 25. Qc5+ Nd6 26. h3 Qf6 27. Nc3 g6 28. Nd5 Qf1+ 29. Kh2 Qf7 30. Nc7 Kg7 31. Qg5 Qxc7 32. Qxg6+ Kh8 33. Qf6+ Kxh7 34. Qh4+ Kg7 35. Qg5+ Kf8 36. Qh6+ Ke8 37. Qe6+ Qe7 38. Qg6+ Kd7 39. Qg4+ Qe6 40. Qxe6+ Kxe6 0-1


[Site "https://www.chess.com"]

[Event "Titled Tuesday Blitz August 24 2021"]
[White "Dang, Hoang Son"]
[Black "Tologon tegin, Semetei"]
[WhiteFideId "12402435"]
[BlackFideId "13800574"]
[WhiteElo "2248"]
[BlackElo "2224"]
[Result "1-0"]
[Round "10"]
[TimeControl "180+1"]
[Date "2021.08.24"]
[WhiteClock "0:02:46"]
[BlackClock "0:01:55"]

1. d4 Nf6 2. c4 g6 3. Nf3 d5 4. Nc3 Bg7 5. cxd5 Nxd5 6. e4 Nxc3 7. bxc3 c5 8. Be3 Nc6 9. Be2 cxd4 10. cxd4 Qa5+ 11. Bd2 Qa3 12. d5 Nd4 13. Nxd4 Bxd4 14. Bb5+ Bd7 15. Bxd7+ Kxd7 16. Rb1 b6 17. O-O Rhc8 18. Bb4 Qxa2 19. Qxd4 Rc4 20. Qe5 Re8 21. Ra1 1-0


[Site "https://www.chess.com"]

[Event "Titled Tuesday Blitz August 24 2021"]
[White "Devaev, Alexander"]
[Black "Florescu, Codrut-Constantin"]
[WhiteFideId "4169395"]
[BlackFideId "1202200"]
[WhiteElo "2185"]
[BlackElo "2243"]
[Result "0-1"]
[Round "10"]
[TimeControl "180+1"]
[Date "2021.08.24"]
[WhiteClock "0:00:03"]
[BlackClock "0:01:05"]

1. d4 Nf6 2. c4 d6 3. Nc3 Nbd7 4. e4 e5 5. d5 Be7 6. h3 O-O 7. Nf3 c6 8. Be3 cxd5 9. cxd5 a6 10. Be2 b5 11. a3 Nb6 12. O-O Bd7 13. Rc1 Rc8 14. Bd3 Nc4 15. Bxc4 Rxc4 16. Nd2 Rc8 17. b4 g6 18. Qe2 Nh5 19. a4 Rb8 20. axb5 axb5 21. Nb3 Bg5 22. Na5 Nf4 23. Bxf4 Bxf4 24. Nc6 Qg5 25. h4 Qxh4 26. g3 Qg5 27. Nxb8 Rxb8 28. Rc2 Bg4 29. Qd3 Qh5 30. f3 Bh3 31. gxf4 Bxf1 32. Qxf1 exf4 33. Rh2 Qe5 34. Nxb5 h5 35. Kh1 Ra8 36. Rc2 Qe7 37. Nd4 Qf6 38. Nc6 Ra1 39. Rc1 Qh4+ 40. Kg1 Qg3+ 41. Kh1 Ra2 42. Ne7+ Kh7 0-1


[Site "https://www.chess.com"]

[Event "Titled Tuesday Blitz August 24 2021"]
[White "Erdogmus, Yagiz Kaan"]
[Black "Kadam, Om Manish"]
[WhiteFideId "44599790"]
[BlackFideId "45076294"]
[WhiteElo "1783"]
[BlackElo "1729"]
[Result "1-0"]
[Round "10"]
[TimeControl "180+1"]
[Date "2021.08.24"]
[WhiteClock "0:02:34"]
[BlackClock "0:02:44"]

1. e4 c5 2. Nf3 d6 3. Bb5+ Bd7 4. Bxd7+ Qxd7 5. O-O Nc6 6. c3 Nf6 7. d4 cxd4 8. cxd4 Nxe4 9. d5 Ne5 10. Re1 Nxf3+ 11. Qxf3 Nf6 12. Nc3 h6 13. h3 g5 14. Qxf6 Rg8 15. Qf3 O-O-O 16. Qxf7 g4 17. Qxg8 gxh3 18. Qe6 1-0


[Site "https://www.chess.com"]

[Event "Titled Tuesday Blitz August 24 2021"]
[White "Eynullayev, Atilla"]
[Black "Tsaruk, Maksim"]
[WhiteFideId "13413570"]
[BlackFideId "13511173"]
[WhiteElo "1997"]
[BlackElo "2184"]
[Result "1/2-1/2"]
[Round "10"]
[TimeControl "180+1"]
[Date "2021.08.24"]
[WhiteClock "0:00:07"]
[BlackClock "0:00:08"]

1. d4 Nf6 2. c4 e6 3. Nc3 d5 4. cxd5 exd5 5. Bg5 Be7 6. Qc2 O-O 7. e3 Nbd7 8. Nf3 Re8 9. Bd3 c6 10. O-O Nf8 11. h3 Ng6 12. Ne5 a5 13. f4 c5 14. f5 Nxe5 15. dxe5 Ne4 16. Bxe7 Rxe7 17. Bxe4 dxe4 18. Qxe4 Qe8 19. e6 fxe6 20. f6 Rf7 21. fxg7 Rxg7 22. Rf6 Bd7 23. g4 Bc6 24. Qxe6+ Qxe6 25. Rxe6 Rd8 26. Rf1 h5 27. Rf4 Rd2 28. Ne4 Bxe4 29. Rfxe4 Rxb2 30. Re8+ Kh7 31. R4e5 hxg4 32. Rh5+ Kg6 33. hxg4 b6 34. Rf5 Rxa2 35. Re6+ Kh7 36. Rxb6 Rxg4+ 37. Kf1 Rb4 38. Rf7+ Kg8 39. Rfb7 Kf8 40. Rb8+ Ke7 41. R8b7+ Kd8 42. Rb8+ Kc7 43. R8b7+ Kc8 44. Rb8+ Kc7 45. R8b7+ Kc8 46. Rb8+ Kc7 1/2-1/2


[Site "https://www.chess.com"]